 Dungeon Crawl Stone Soup version 0.28-a0-919-g0b5b508569 (webtiles) character file.

Game seed: 2898788822056710812

2938 timneilson the Shield-Bearer (level 9, -3/55 HPs)
             Began as a Gargoyle Fighter on Nov 25, 2021.
             Was a Believer of Okawaru.
             Killed from afar by a steam dragon (4 damage)
             ... with a ball of steam
             ... on level 6 of the Dungeon.
             The game lasted 00:13:57 (6932 turns).

timneilson the Shield-Bearer (Gargoyle Fighter)     Turns: 6932, Time: 00:13:57

Health: -3/55      AC: 26    Str: 23    XL:     9   Next: 80%
Magic:  10/10      EV:  7    Int:  9    God:    Okawaru [**....]
Gold:   673        SH:  5    Dex:  9    Spells: 8/8 levels left

rFire   . . .      SeeInvis .   a - +1 long sword
rCold   . . .      Faith    .   c - +0 buckler
rNeg    + + .      Spirit   .   r - +2 plate armour {rN+}
rPois   ∞          Reflect  .   (helmet restricted)
rElec   +          Harm     .   q - +0 cloak
rCorr   .          Rampage  .   n - +1 pair of gloves
Will    .....      Rnd*Tele +   v - +0 pair of boots
Stlth   ..........              (no amulet)
HPRegen 0.18/turn               (no ring)
MPRegen 0.12/turn               (no ring)

@: no status effects
A: sickness immunity, AC +6, negative energy resistance 1, electricity
resistance, torment resistance 1, petrification resistance, horns 1,
teleportitis 1
a: Renounce Religion, Heroism


You were on level 6 of the Dungeon.
You worshipped Okawaru.
Okawaru was pleased with you.
You visited 2 branches of the dungeon, and saw 7 of its levels.

You collected 1129 gold pieces.
You spent 456 gold pieces at shops.

Inventory:

Hand Weapons
 a - a +1 long sword (weapon)
Armour
 c - a +0 buckler (worn)
 i - a +0 helmet
 n - a +1 pair of gloves (worn)
 q - a +0 cloak (worn)
 r - a +2 plate armour of positive energy (worn)
 v - a +0 pair of boots (worn)
Jewellery
 b - a ring of fire
Wands
 l - a wand of digging (10)
 t - a wand of mindburst (14)
Scrolls
 g - 4 scrolls of identify
 h - 2 scrolls of magic mapping
 j - 3 scrolls of enchant armour
 k - a scroll of amnesia
 o - a scroll of enchant weapon
Potions
 d - 2 potions of flight
 e - a potion of lignification
 m - 2 potions of curing


   Skills:
 + Level 5.7 Fighting
 * Level 5.9 Long Blades
 * Level 7.5 Armour
 + Level 3.4 Dodging
 * Level 7.6 Shields
 + Level 1.8 Invocations
 + Level 3.5 Evocations


You had 8 spell levels left.
You didn't know any spells.
Your spell library contained the following spells:

 Spells                   Type           Power      Damage    Failure   Level
 Magic Dart               Conj           0%         1d3       99%         1
 Blink                    Tloc           0%         N/A       100%        2
 Lesser Beckoning         Tloc           0%         N/A       100%        3
 Mephitic Cloud           Conj/Pois/Air  0%         N/A       100%        3
 Passage of Golubria      Tloc           0%         N/A       100%        4
 Manifold Assault         Tloc           0%         N/A       100%        5
 Yara's Violent Unravell  Hex/Tmut       0%         3d3       100%        5
 Call Imp                 Summ           Unusable   N/A       N/A         2
 Tukima's Dance           Hex            Unusable   N/A       N/A         3

Dungeon Overview and Level Annotations

Branches:
Dungeon (6/15)             Temple (1/1) D:6

Altars:
Ashenzari
Cheibriados
Dithmenos
Elyvilon
Fedhas
Gozag
Hepliaklqana
Kikubaaqudgha
Makhleb
Nemelex Xobeh
Okawaru
Qazlal
Ru
Sif Muna
Trog
Uskayaw
Vehumet
Wu Jian
Xom
Yredelemnul
Zin
The Shining One

Shops:
D:1 (   D:3 !(   D:4 [

Annotations:
D:6 gowby's ghost, novice BaIE


Innate Abilities, Weirdness & Mutations

You are immune to sickness and miasma.
Your stone body is resilient. (AC +6)
You are immune to poison.
You resist negative energy. (rN+)
You are resistant to electric shocks. (rElec)
You are resistant to unholy torment.
You are immune to petrification.
You have a pair of small horns on your head.
You are occasionally teleported next to monsters.


Message History

Okawaru is honoured by your kill. The jelly hits you but does no damage.
The ufetubus misses you.
The ufetubus hits you but does no damage.
A two-headed ogre comes into view.
It is wielding a +0 giant club and a +0 giant spiked club.
The jelly hits you but does no damage.
You slash the jelly!
Your hands burn!
The jelly is almost dead.
The ufetubus hits you but does no damage.
The ufetubus closely misses you. You block the orc's attack.
The steam dragon breathes steam at you.
The ball of steam hits the orc!
The orc dies!
The ball of steam hits you!
* * * LOW HITPOINT WARNING * * *
The ball of steam misses the ufetubus.
The ufetubus is engulfed in a cloud of scalding steam.
The ufetubus dies!
You block the jelly's attack.
It was a potion of mutation.
You feel extremely strange.
You feel weirdly uncertain. A pair of horns grows on your head!
Your +0 helmet falls away!
The howler monkey skeleton is engulfed in a cloud of scalding steam.
The jelly is engulfed in a cloud of scalding steam.
The jelly dies!
It was a potion of cancellation.
Your magical effects are unravelling.
You feel magically purged.
You flicker back into view.
The sentinel's mark upon you fades away.
The steam dragon breathes steam at you. The ball of steam misses you.
The white imp gestures at you.
The puff of frost hits you but does no damage.
You completely miss the steam dragon.
You headbutt the steam dragon, but do no damage.
You are engulfed in a cloud of scalding steam.
You block the steam dragon's attack. The steam dragon closely misses you.
The steam dragon breathes steam at you. The ball of steam hits you.
You die...

#...########
##..##.8..8.#
#.≈.#.^..D...
##.##.n.#
#..#..##Z≈≈.#
###†##.##
.o.≈# #.gZ#..
o#.. #.#D#..
#.. #†#@##.
≈# #.#§O#. #
#.##.## #.#
.≈ #.# #5g
#.# ... # #.#
#..≈ # #.#
.≈.. ##
#.##### ##.


You could see a two-headed ogre, a steam dragon (catching breath), 2 gnoll
shamans, a white imp and a howler monkey skeleton.

Vanquished Creatures
  A two-headed ogre (D:6)
  Pikel (D:4)
  Eustachio (D:4)
  2 water moccasins (D:6)
  2 ice beasts
  2 black bears
  A necrophage (D:6)
  4 ogres
  A phantom (D:5)
  A centaur (D:6)
  A scorpion (D:5)
  A water moccasin skeleton (D:5)
  A centaur zombie (D:6)
  A jelly (D:5)
  Crazy Yiuf (D:4)
  A centaur skeleton (D:6)
  4 orc priests
  4 hounds
  2 bullfrog skeletons
  Ijyb (D:2)
  4 orc wizards
  3 hound skeletons
  10 adders
  An ufetubus (D:4)
  2 worms (D:2)
  2 dart slugs
  10 orcs
  4 ball pythons
  5 bats
  4 endoplasms
  4 giant cockroaches
  12 goblins
  9 hobgoblins
  8 kobolds
  7 quokkas
  2 frilled lizards (D:1)
  5 rats
125 creatures vanquished.

Vanquished Creatures (others)
  A jelly (D:6)
  An ufetubus (D:6)
  2 orcs
  A plant (D:4)
5 creatures vanquished.

Grand Total: 130 creatures vanquished

Notes
Turn   | Place    | Note
-------+----------+-------------------------------------------
     0 | D:1      | timneilson the Gargoyle Fighter began the quest for the
                  | Orb.
     0 | D:1      | Reached XP level 1. HP: 14/14 MP: 1/1
   178 | D:1      | Reached XP level 2. HP: 8/19 MP: 2/2
   756 | D:1      | Found Piklapn's Weapon Emporium.
   772 | D:1      | Found a faded altar of an unknown god.
   845 | D:1      | Reached XP level 3. HP: 23/23 MP: 3/3
   901 | D:1      | Identified a scroll of acquirement
   901 | D:1      | Acquired 873 gold pieces
  1135 | D:2      | Noticed Ijyb
  1167 | D:2      | Killed Ijyb
  1168 | D:2      | Reached XP level 4. HP: 18/28 MP: 4/4
  1916 | D:3      | Reached skill level 1 in Dodging
  1942 | D:3      | Found Weutt's Distillery.
  2059 | D:3      | Reached XP level 5. HP: 29/33 MP: 5/5
  2328 | D:3      | Found Diehelel's Weapon Shop.
  2759 | D:4      | Noticed Eustachio
  2789 | D:4      | Killed Eustachio
  2790 | D:4      | Reached skill level 1 in Evocations
  2790 | D:4      | Reached XP level 6. HP: 16/38 MP: 6/6
  3335 | D:4      | Found Vouchuigh's Armour Shop.
  3404 | D:4      | Noticed Pikel
  3716 | D:4      | Killed Pikel
  3717 | D:4      | Reached skill level 5 in Armour
  3717 | D:4      | Reached skill level 5 in Shields
  3717 | D:4      | Reached XP level 7. HP: 18/44 MP: 7/7
  3717 | D:4      | Reached XP level 8. HP: 20/48 MP: 8/8
  4135 | D:4      | Found a runed translucent door.
  4136 | D:4      | Noticed Crazy Yiuf
  4143 | D:4      | Killed Crazy Yiuf
  4448 | D:5      | Entered Level 5 of the Dungeon
  5058 | D:5      | Reached skill level 5 in Fighting
  5412 | D:5      | Reached skill level 5 in Long Blades
  5460 | D:5      | Reached XP level 9. HP: 54/54 MP: 9/9
  5803 | D:4      | Bought a +2 plate armour of positive energy for 407 gold
                  | pieces
  5814 | D:4      | Bought a +0 helmet for 49 gold pieces
  5867 | D:6      | Found a staircase to the Ecumenical Temple.
  5876 | Temple   | Entered the Ecumenical Temple
  5989 | Temple   | Became a worshipper of Warmaster Okawaru
  6600 | D:6      | Noticed gowby's ghost (novice BaIE)
  6640 | D:6      | Found a shimmering altar of Xom.
  6849 | D:6      | Reached skill level 1 in Invocations
  6887 | D:6      | Noticed a two-headed ogre
  6917 | D:6      | Reached * piety under Okawaru
  6928 | D:6      | Killed a two-headed ogre
  6928 | D:6      | Reached ** piety under Okawaru
  6928 | D:6      | Noticed a two-headed ogre
  6929 | D:6      | HP: 1/55 [steam dragon/ball of steam (17)]
  6930 | D:6      | Gained mutation: You are occasionally teleported next to
                  | monsters. [potion of mutation]
  6930 | D:6      | Gained mutation: You have a pair of small horns on your
                  | head. [potion of mutation]
  6932 | D:6      | Killed from afar by a steam dragon

Illustrated notes

Levels and vault maps discovered:
D:1:      ncdulo_halloftheorcs, layout_basic, serial_shops,
          nicolae_shop_crystal, ebering_ecumenical_altar_abandoned
D:2:      kennysheep_the_goblin_king, layout_basic
D:3:      layout_basic, serial_shops, shop_fountains, nicolae_diamond_shop,
          uniq_ijyb
D:4:      layout_loops_ring, nicolae_take_the_stairs, hangedman_decor_points,
          corexii_shack, uniq_crazy_yiuf_cottage, uniq_eustachio, uniq_pikel
D:5:      layout_basic, minmay_checkerbox
D:6:      layout_loops_cross, general_overflow_altar,
          minmay_temple_entry_junction_2, gammafunk_ghost_split,
          grunt_ministairs_2, nzn_random_ring
Temple:   mainiacjoe_temple_hex_bubbles

Skill      XL: |  1  2  3  4  5  6  7  8  9 |
---------------+----------------------------+-----
Long Blades    | 2 3 4 5 |  5.9
Shields        | 4 5 6 7 |  7.6
Armour         | 4 5 6 7 |  7.5
Dodging        | 1 2 3 |  3.4
Fighting       | 4 5 |  5.7
Evocations     | 1 2 3 |  3.5
Invocations    | 1 |  1.8

Action                   |  1- 3 |  4- 6 |  7- 9 || total
-------------------------+-------+-------+-------++-------
Melee: Long sword        |    99 |   170 |   289 ||   558
       Headbutt          |       |       |     1 ||     1
  Use: Scroll            |     3 |     7 |     5 ||    15
       Potion            |       |     2 |     5 ||     7
 Stab: Invisible         |       |       |     2 ||     2
Armor: Scale mail        |    49 |    69 |       ||   118
       Chain mail        |       |    36 |   108 ||   144
       Plate armour      |       |       |   109 ||   109
Dodge: Dodged            |    50 |   103 |   132 ||   285
Block: Buckler           |    30 |    41 |    78 ||   149

Table legend: (Time is in decaauts)
 A = Elapsed time spent in this place.
 B = Non-inter-level travel time spent in this place.
 C = Inter-level travel time spent in this place.
 D = Time resting spent in this place.
 E = Time spent auto-exploring this place.
 F = Levels seen in this place.
 G = Mean time per level.
                   A        B        C        D        E       F      G
               +--------+--------+--------+--------+--------+-----+--------+
         Total |   7018 |   6759 |    259 |    487 |   4858 |   7 | 1002.6 |
       Dungeon |   6748 |   6526 |    222 |    487 |   4629 |   6 | 1124.7 |
        Temple |    270 |    233 |     37 |      0 |    229 |   1 |  270.0 |
               +--------+--------+--------+--------+--------+-----+--------+

Top non-repeatable levels by time:
     D:4: 1781 daAuts
     D:5: 1272 daAuts
     D:2: 978 daAuts
     D:3: 959 daAuts
     D:1: 937 daAuts
     D:6: 818 daAuts
  Temple: 270 daAuts
